 Dungeon Crawl Stone Soup version 0.18.1-48-g4cf74bf (webtiles) character file.

4214 Inkary the Fighter (level 10, -1/90 HPs)
             Began as a Black Draconian Fighter on July 31, 2016.
             Was a Believer of Okawaru.
             Slain by a two-headed ogre
             ... wielding a +0 giant club
              (13 damage)
             ... on level 8 of the Dungeon.
             The game lasted 00:20:32 (8052 turns).

Inkary the Fighter (Black Draconian Fighter)        Turns: 8052, Time: 00:20:33

Health: -1/90      AC:  9    Str: 19      XL:     10   Next: 9%
Magic:  8/10       EV: 16    Int:  9      God:    Okawaru [**....]
Gold:   582        SH: 16    Dex: 12 (13) Spells: 0 memorised, 9 levels left

rFire  x . .     SeeInvis .     j - +3 spear (curse)
rCold  + . .     Gourm    .     (armour unavailable)
rNeg   . . .     Faith    .     b - +0 shield
rPois  .         Spirit   .     (helmet restricted)
rElec  +         Dismiss  .     (no cloak)
rCorr  .         Reflect  +     (no gloves)
SustAt .         Harm     .     n - +1 pair of boots
MR     .....                    o - +4 amulet of reflection
Stlth  ++........               (no ring)
                                i - ring of ice

@: short of breath, heroism, heavily drained, not resistant to hostile
enchantments, unstealthy
A: breathe lightning, unfitting armour, electricity resistance, cold-blooded, AC
+7
a: Breathe Lightning, Heroism, Renounce Religion


You were on level 8 of the Dungeon.
You worshipped Okawaru.
Okawaru was pleased with you.
You were near starving.

You visited 2 branches of the dungeon, and saw 9 of its levels.

You collected 582 gold pieces.

Inventory:

Hand Weapons
 j - a cursed +3 spear (weapon)
Armour
 b - a +0 shield (worn)
 n - a +1 pair of boots (worn)
Jewellery
 i - a ring of ice (left hand)
 o - a +4 amulet of reflection (around neck)
 v - an uncursed amulet of dismissal
 D - an uncursed amulet of faith
Wands
 a - a wand of digging (19/24)
 y - a wand of confusion (25/48)
 M - a wand of disintegration (11/24)
Scrolls
 c - 2 scrolls of magic mapping
 e - a scroll of teleportation
 f - 2 scrolls of fear
 m - a scroll of enchant armour
 w - 3 scrolls of enchant weapon
 x - 2 scrolls of recharging
 A - a scroll of amnesia
Potions
 g - a potion of brilliance
 l - a potion of curing
 p - 2 potions of resistance {unknown}
 s - a potion of haste {unknown}
 B - a potion of mutation {unknown}
 C - a potion of agility {unknown}
 I - a potion of might
Books
 E - a book of the Earth

   Spells                             Type                      Level
   a - Leda's Liquefaction            Hexes/Earth                  4
   b - Bolt of Magma                  Conjuration/Fire/Earth       5
   c - Statue Form                    Transmutation/Earth          6
   d - Iron Shot                      Conjuration/Earth            6
   e - Shatter                        Earth                        9
 H - a book of Maledictions

   Spells                             Type                      Level
   a - Corona                         Hexes                        1
   b - Ensorcelled Hibernation        Hexes/Ice                    2
   c - Confuse                        Hexes                        3
   d - Tukima's Dance                 Hexes                        3
   e - Dazzling Spray                 Conjuration/Hexes            3
 K - a Necronomicon

   Spells                             Type                      Level
   a - Haunt                          Necromancy/Summoning         7
   b - Borgnjor's Revivification      Necromancy                   8
   c - Death's Door                   Charms/Necromancy            8
   d - Necromutation                  Transmutation/Necromancy     8
Comestibles
 d - 5 bread rations
 h - 6 fruits
 k - 5 beef jerkies
 t - 4 meat rations
 L - 6 slices of pizza


   Skills:
 + Level 8.4(10.9) Fighting
   Level 2.9(5.7) Maces & Flails
 + Level 6.5(9.1) Polearms
 - Level 3.0(5.8) Throwing
 + Level 6.8(9.4) Dodging
 + Level 8.2(10.7) Shields


You had 9 spell levels left.
You didn't know any spells.

Dungeon Overview and Level Annotations

Branches:
Dungeon (8/15)             Temple (1/1) D:7
   Lair: D:8-11

Altars:
Ashenzari
Cheibriados
Fedhas
Kikubaaqudgha
Nemelex Xobeh
Okawaru
Pakellas
Qazlal
Ru
Sif Muna
Trog
Zin
The Shining One


Innate Abilities, Weirdness & Mutations

You can breathe wild blasts of lightning.
Your glossy black scales are hard (AC +7).
Your body does not fit into most forms of armour.
You are resistant to electric shocks.
You are cold-blooded and may be slowed by cold attacks.


Message History

* * * LOW HITPOINT WARNING * * *
The two-headed ogre hits you with a giant club.
* * * LOW HITPOINT WARNING * * *
You breathe a wild blast of lightning!
The zap misses you.
You hear a mighty clap of thunder!
The bolt of lightning hits the two-headed ogre.
The two-headed ogre is severely wounded.
You hear a mighty clap of thunder!
You are near starving!
You hear an angry growl.
You hear a howl!
You hear a bark!
You barely miss the two-headed ogre.
The two-headed ogre is severely wounded.
You block the two-headed ogre's attack. x2
You hit the two-headed ogre but do no damage.
You tail-slap the two-headed ogre, but do no damage.
The two-headed ogre is severely wounded.
You hit the two-headed ogre but do no damage.
The two-headed ogre is severely wounded.
The two-headed ogre hits you with a giant club!
You die...

#....# #### #....# ##..#
#....# ##...# ##....#
#..#.#
########.....###.##<##
.............##......#
############...............
#..((....##.(......#......#
#........#@.##.............
#.......cO..######.........
#........##.# #.#......#
#......(.#..# ..#......#
#.......(..## .##......#
#........(## ###......#
#..>.....((( #....####
#..........## #####....# #.
#..........( .........###.


You could see a two-headed ogre and a centaur.

Vanquished Creatures
  Pikel (D:3)
  Prince Ribbit (D:7)
  A yak (D:7)
  A human (D:7)
  A hungry ghost (D:8)
  A black bear (D:6)
  An ice beast (D:5)
  A sky beast (D:5)
  3 orc warriors
  2 ogres
  A centaur (D:6)
  3 giant frogs
  The ghost of Heedrag the Conjurer, an amateur DECj (D:3)
  Blork the orc (D:6)
  A gnoll sergeant (D:7)
  3 scorpions
  4 killer bees (D:7)
  4 wights (D:8)
  A giant frog zombie (D:6)
  A crimson imp (D:3)
  A centaur zombie (D:6)
  2 jellies
  2 orc priests
  4 hounds
  5 orc wizards (D:7)
  A giant frog skeleton (D:6)
  2 iguanas
  11 worker ants
  3 sheep (D:7)
  2 hound zombies
  12 gnolls
  15 adders
  A shadow imp (D:4)
  2 adder skeletons
  14 dart slugs
  2 giant geckos
  18 orcs
  8 bats
  7 giant cockroaches
  5 goblins
  5 hobgoblins
  5 jackals
  10 kobolds
  2 quokkas
  A ball python (D:2)
  8 giant newts
  8 rats
189 creatures vanquished.

Vanquished Creatures (others)
  A centaur (D:5)
  An orc (D:3)
2 creatures vanquished.

Grand Total: 191 creatures vanquished

Notes
Turn   | Place    | Note
--------------------------------------------------------------
     0 | D:1      | Inkary the Draconian Fighter began the quest for the Orb.
     0 | D:1      | Reached XP level 1. HP: 19/19 MP: 1/1
   274 | D:1      | Reached XP level 2. HP: 26/26 MP: 2/2
  1162 | D:2      | Reached XP level 3. HP: 29/31 MP: 3/3
  1432 | D:2      | Reached XP level 4. HP: 16/40 MP: 4/4
  2203 | D:3      | Reached XP level 5. HP: 42/47 MP: 5/5
  2216 | D:3      | Reached skill level 1 in Polearms
  2256 | D:3      | Noticed an ogre
  2276 | D:3      | Killed an ogre
  2276 | D:3      | Reached XP level 6. HP: 44/53 MP: 6/6
  2513 | D:3      | Noticed Heedrag's ghost (amateur DECj)
  2527 | D:3      | Killed Heedrag's ghost
  2527 | D:3      | Reached skill level 5 in Fighting
  2651 | D:3      | Found a snail-covered altar of Cheibriados.
  3205 | D:4      | Your scales start taking on a glossy black colour.
  3205 | D:4      | Reached XP level 7. HP: 36/61 MP: 7/7
  3205 | D:4      | Gained mutation: You are resistant to electric shocks. [Black Draconian growth]
  3534 | D:4      | Noticed Pikel
  3552 | D:4      | Reached skill level 5 in Shields
  3575 | D:3      | Killed Pikel
  3575 | D:3      | Reached skill level 1 in Throwing
  3575 | D:3      | Reached XP level 8. HP: 17/70 MP: 8/8
  3730 | D:4      | Reached skill level 5 in Dodging
  4290 | D:5      | Entered Level 5 of the Dungeon
  5310 | D:6      | Reached XP level 9. HP: 72/78 MP: 9/9
  5584 | D:6      | Noticed Blork the orc
  5619 | D:6      | Killed Blork the orc
  5619 | D:6      | Reached skill level 5 in Polearms
  5806 | D:7      | Found a staircase to the Ecumenical Temple.
  5853 | Temple   | Entered the Ecumenical Temple
  5884 | Temple   | Became a worshipper of Warmaster Okawaru
  6332 | D:7      | Reached * piety under Okawaru
  6529 | D:7      | Noticed Prince Ribbit
  6553 | D:7      | Killed Prince Ribbit
  6803 | D:7      | Found a glowing silver altar of Zin.
  7595 | D:8      | Reached ** piety under Okawaru
  7595 | D:8      | Reached XP level 10. HP: 68/88 MP: 10/10
  8052 | D:8      | Slain by a two-headed ogre

Skill      XL: |  1  2  3  4  5  6  7  8  9 |
---------------+----------------------------+-----
Dodging        | 3 4 5 6 |  6.8
Fighting       | 4 5 6 8 |  8.4
Polearms       | 1 2 3 4 6 |  6.5
Shields        | 4 5 6 8 |  8.2
Throwing       | 1 3 |  3.0
Maces & Flails | |  2.9

Action                   |  1- 3 |  4- 6 |  7- 9 | 10-12 || total
-------------------------+-------+-------+-------+-------++-------
Melee: Flail             |   117 |     7 |       |       ||   124
       Tailslap          |    10 |    16 |    74 |     9 ||   109
       Trident           |       |   135 |   306 |       ||   441
       Spear             |       |       |   219 |   155 ||   374
Throw: Throwing net      |       |       |     1 |       ||     1
Invok: Heroism           |       |       |     2 |     2 ||     4
 Abil: Breathe Lightning |       |       |    10 |     2 ||    12
Evoke: Wand              |       |       |     2 |       ||     2
  Use: Potion            |     2 |       |     2 |     4 ||     8
       Scroll            |       |       |    15 |       ||    15
 Stab: Sleeping          |     1 |     2 |       |       ||     3
       Distracted        |       |       |     2 |       ||     2
  Eat: Chunk             |     2 |     6 |    16 |       ||    24
       Bread ration      |       |       |     2 |       ||     2
       Pizza             |       |       |       |     1 ||     1
Armor: Skin              |    38 |    29 |    80 |    20 ||   167
Dodge: Dodged            |    58 |    67 |   161 |    34 ||   320
Block: Shield            |    62 |    85 |   369 |    83 ||   599
       Reflection        |       |    10 |     3 |     8 ||    21
